Avalanche vs Maple Leafs

Created - January 12, 2025 at 19:31

Goals
1 2 3 T
Avalanche 0 1 2 3
Maple Leafs 1 0 0 1
Shots
1 2 3 T
Avalanche 13 10 17 40
Maple Leafs 17 12 7 36

1st period

1. Maple Leafs , Jon Merrill 2 (Luke Schenn 6) at 17:48 (PP)

Penalties :
Jason Zucker (TOR) for Tripping (Minor) at 0:39, Zach Werenski (TOR) for Tripping (Minor) at 13:51, Drake Caggiula (Col) for Roughing (Minor) at 16:01

2nd period

2. Avalanche , Ryan O'Reilly 6 (Rickard Rakell 15) at 5:50

Penalties :
Evander Kane (TOR) for Slashing (Minor) at 5:57, Erik Karlsson (Col) for Interference (Minor) at 9:47

3rd period

3. Avalanche , Drake Caggiula 6 (Joseph Blandisi 11) at 4:45
4. Avalanche , Kyle Clifford 10 (Rickard Rakell 16, Jean-Gabriel Pageau 15) at 19:36 (Empty Net)

Penalties :
Valentin Zykov (TOR) for Tripping (Minor) at 1:46, William Nylander (TOR) for Cross-checking (Minor) at 5:51, Valentin Zykov (TOR) for Roughing (Minor) at 8:47

Goalie Stats

Robin Lehner (Col), 35 saves from 36 shots - (0.972), W, 11-13-0, 60:00 minutes
Carter Hutton (TOR), 37 saves from 39 shots - (0.949), L, 3-5-0, 59:34 minutes

Players Stats for Avalanche

Player Name              G  A  P  +/- PIM S  H  SB GA TA FO     MP     PP MP  PK MP  
------------------------------------------------------------------------------------
Andrei Kuzmenko          0  0  0   0  0   5  1  1  2  0  1/1    17:10   6:20   0:00 
Anthony Duclair          0  0  0   0  0   0  0  0  0  0  0/1    13:49   0:27   0:00 
Bryan Little             0  0  0   0  0   4  1  0  0  0  8/11   19:39   6:15   0:00 
David Rundblad           0  0  0   2  0   2  0  1  0  0  0/0    20:51   5:32   1:29 
Drake Caggiula           1  0  1   1  2   1  0  0  0  0  3/4     7:24   0:00   0:00 
Erik Karlsson            0  0  0   0  2   3  1  0  0  0  0/0    22:19   6:22   0:00 
Jack Johnson             0  0  0   3  0   1  0  1  1  0  0/0    15:38   0:00   2:17 
Jacob Slavin             0  0  0   1  0   2  1  0  1  2  0/0    24:11   6:22   1:29 
Jean-Gabriel Pageau      0  1  1   1  0   1  2  1  1  0  12/21  19:11   5:17   1:49 
Joseph Blandisi          0  1  1   1  0   2  0  0  2  0  0/0     7:25   0:00   0:00 
Kyle Clifford            1  0  1   2  0   1  2  0  2  0  0/1    20:02   5:29   1:49 
Nick Cousins             0  0  0   0  0   4  0  0  1  0  0/1    19:36   6:15   0:00 
Patric Hornqvist         0  0  0   0  0   3  1  1  0  0  0/1    12:47   0:00   1:57 
Rickard Rakell           0  2  2   2  0   3  1  1  0  0  0/1    18:08   5:29   0:00 
Ryan Hartman             0  0  0   1  0   1  1  0  0  1  0/0     7:25   0:00   0:00 
Ryan O'Reilly            1  0  1   1  0   5  2  1  1  1  10/25  13:32   0:10   1:57 
Stefan Elliott           0  0  0   0  0   1  0  1  0  1  0/0    20:33   5:32   0:00 
Vladislav Gavrikov       0  0  0   0  0   1  0  2  0  1  0/0    16:32   0:00   2:17 

Players Stats for Maple Leafs

Player Name              G  A  P  +/- PIM S  H  SB GA TA FO     MP     PP MP  PK MP  
------------------------------------------------------------------------------------
Andre Burakovsky         0  0  0   0  0   5  1  2  0  0  1/3    23:14   2:33   6:04 
Bo Horvat                0  0  0  -3  0   2  1  0  0  0  13/18  18:32   2:33   4:26 
Brendan Guhle            0  0  0   0  0   1  0  1  0  0  0/0    17:00   0:00   4:48 
Elias Lindholm           0  0  0   0  0   2  1  1  0  0  3/6     9:23   0:00   0:00 
Elias Pettersson         0  0  0   0  0   2  1  0  0  0  8/22   18:52   1:13   1:27 
Evander Kane             0  0  0   0  2   3  3  3  1  1  0/1    19:46   0:00   2:23 
Haydn Fleury             0  0  0   0  0   1  2  0  0  0  0/0    18:34   0:00   6:40 
Jason Zucker             0  0  0  -1  2   1  1  1  2  0  0/2    15:04   1:13   3:24 
John Klingberg           0  0  0  -3  0   3  0  1  0  4  0/0    21:28   2:46   0:26 
Jon Merrill              1  0  1   0  0   4  2  0  0  2  0/0    21:58   1:00   7:06 
Luke Schenn              0  1  1   0  0   2  2  0  0  2  0/0    18:20   1:00   4:48 
Nicholas Baptiste        0  0  0  -1  0   2  0  1  0  0  0/0     7:58   0:00   0:00 
Patrice Cormier          0  0  0   0  0   2  0  0  0  1  6/10   13:16   0:00   6:04 
Pontus Aberg             0  0  0   0  0   0  0  0  0  0  0/1     9:23   0:00   0:00 
Tyler Benson             0  0  0  -2  0   0  0  0  0  0  0/0    10:39   0:00   0:00 
Valentin Zykov           0  0  0   0  4   3  1  0  0  0  0/0     8:24   2:33   0:00 
William Nylander         0  0  0  -2  2   2  0  0  0  0  2/4    13:24   1:13   0:00 
Zach Werenski            0  0  0  -3  2   1  2  1  3  1  0/0    22:45   2:46   0:00 

3 Stars

1 - Robin Lehner (Col)
2 - Kyle Clifford (Col)
3 - Rickard Rakell (Col)

Power Play

Avalanche - 0 on 6 Attempt(s) - 0.00%
Maple Leafs - 1 on 2 Attempt(s) - 50.00%

Penalty Kill

Avalanche - 1 on 2 Attempt(s) - 50.00% - Score 0 goal in Penalty Kill
Maple Leafs - 6 on 6 Attempt(s) - 100.00% - Score 0 goal in Penalty Kill

Team Stat

Avalanche - Hits : 13 - Faceoff Wins : 34 - Blocked Shots : 10 - Penalty Minutes : 4
Maple Leafs - Hits : 17 - Faceoff Wins : 33 - Blocked Shots : 11 - Penalty Minutes : 12

Official

Referees : Francois St. Laurent and Brandon Blandina
Linesman : Jesse Marquis and Kory Nagy

Game Notes

Kyle Clifford has scored in a empty net!

Finance

Level 1 -- Attendance: 6000 (100.00%) -- Ticket Income $600,000
Level 2 -- Attendance: 4749 (94.98%) -- Ticket Income $332,430
Level 3 -- Attendance: 2000 (100.00%) -- Ticket Income $80,000
Level 4 -- Attendance: 4000 (100.00%) -- Ticket Income $120,000
Luxury Box -- Attendance: 984 (98.40%) -- Ticket Income $196,800
Game was played at the Scotiabank Arena.
Total Attendance: 17733 (98.52%)
Total Ticket Income: $1,329,230
Other Income: $199,384
Total Income: $1,528,614

Avalanche

5 vs 5 Forward 
   Center                   Left Wing                Right Wing               Time % Phy DF OF 
 1 Jean-Gabriel Pageau      Andrei Kuzmenko          Patric Hornqvist         31     1   2  2  
 2 Ryan O'Reilly            Kyle Clifford            Rickard Rakell           31     1   2  2  
 3 Bryan Little             Anthony Duclair          Nick Cousins             27     1   2  2  
 4 Drake Caggiula           Joseph Blandisi          Ryan Hartman             11     1   2  2  

5 vs 5 Defense 
   Defense                  Defense                                           Time % Phy DF OF 
 1 Erik Karlsson            Jacob Slavin                                      38     1   2  2  
 2 Jack Johnson             David Rundblad                                    30     1   2  2  
 3 Vladislav Gavrikov       Stefan Elliott                                    28     1   2  2  
 4 Jack Johnson             Jacob Slavin                                      4      1   2  2  

PowerPlay Forward 
   Center                   Left Wing                Right Wing               Time % Phy DF OF 
 1 Jean-Gabriel Pageau      Kyle Clifford            Rickard Rakell           50     0   1  4  
 2 Bryan Little             Andrei Kuzmenko          Nick Cousins             50     0   1  4  

PowerPlay Defense
   Defense                  Defense                                           Time % Phy DF OF 
 1 Jacob Slavin             Erik Karlsson                                     50     0   2  3  
 2 Stefan Elliott           David Rundblad                                    50     0   2  3  

Penalty Kill 4 Players Forward 
   Center                   Wing                     Time % Phy DF OF 
 1 Jean-Gabriel Pageau      Kyle Clifford            50     1   3  1  
 2 Ryan O'Reilly            Patric Hornqvist         50     1   3  1  

Penalty Kill 4 Players Defense
   Defense                  Defense                  Time % Phy DF OF 
 1 Jacob Slavin             David Rundblad           50     1   3  1  
 2 Jack Johnson             Vladislav Gavrikov       50     1   3  1  

Penalty Kill - 3 Players Forward 
   Forward                                           Time % Phy DF OF 
 1 Kyle Clifford                                     55     1   4  0  
 2 Jean-Gabriel Pageau                               45     1   4  0  

Penalty Kill - 3 Players Defense
   Defense                  Defense                  Time % Phy DF OF 
 1 Jacob Slavin             David Rundblad           50     1   4  0  
 2 Jack Johnson             Vladislav Gavrikov       50     1   4  0  

4 vs 4 Forward 
   Center                   Wing                     Time % Phy DF OF 
 1 Jean-Gabriel Pageau      Kyle Clifford            50     1   2  2  
 2 Ryan O'Reilly            Andrei Kuzmenko          50     1   2  2  

4 vs 4 Defense
   Defense                  Defense                  Time % Phy DF OF 
 1 Jacob Slavin             Vladislav Gavrikov       55     1   2  2  
 2 Jack Johnson             David Rundblad           45     1   2  2  

Last Minutes Offensive
   Center                   Left Wing                Right Wing               Defense                  Defense                  
   Jean-Gabriel Pageau      Anthony Duclair          Patric Hornqvist         Erik Karlsson            Jacob Slavin             

Last Minutes Defensive
   Center                   Left Wing                Right Wing               Defense                  Defense                  
   Jean-Gabriel Pageau      Kyle Clifford            Rickard Rakell           Jacob Slavin             Jack Johnson             

Goaltenders
Starting : Robin Lehner             
Backup : Semyon Varlamov          

Extra Forwards
Normal : Drake Caggiula, Joseph Blandisi, Ryan Hartman - PP : Anthony Duclair, Ryan O'Reilly - PK : Rickard Rakell
Extra Defensemen
Normal : Vladislav Gavrikov, Stefan Elliott, David Rundblad - PP : Vladislav Gavrikov - PK : Stefan Elliott, Erik Karlsson
Penalty Shots
Andrei Kuzmenko, Anthony Duclair, Bryan Little, Patric Hornqvist, Kyle Clifford
Custom OT Lines Forwards
Kyle Clifford, Jean-Gabriel Pageau, Bryan Little, Patric Hornqvist, Rickard Rakell, Ryan O'Reilly, Andrei Kuzmenko, Nick Cousins, Ryan Hartman, Anthony Duclair
Custom OT Lines Defensemen
Jacob Slavin, Erik Karlsson, Jack Johnson, David Rundblad, Stefan Elliott

Scratches
Jarred Tinordi (Healthy), Luke Witkowski (Healthy)

Maple Leafs

5 vs 5 Forward 
   Center                   Left Wing                Right Wing               Time % Phy DF OF 
 1 Elias Pettersson         Evander Kane             Andre Burakovsky         40     1   2  2  
 2 Bo Horvat                Tyler Benson             William Nylander         30     1   2  2  
 3 Elias Lindholm           Jason Zucker             Pontus Aberg             20     1   2  2  
 4 Patrice Cormier          Valentin Zykov           Nicholas Baptiste        10     1   2  2  

5 vs 5 Defense 
   Defense                  Defense                                           Time % Phy DF OF 
 1 Zach Werenski            John Klingberg                                    40     1   2  2  
 2 Jon Merrill              Luke Schenn                                       30     1   2  2  
 3 Haydn Fleury             Brendan Guhle                                     20     1   2  2  
 4 Zach Werenski            Jon Merrill                                       10     1   2  2  

PowerPlay Forward 
   Center                   Left Wing                Right Wing               Time % Phy DF OF 
 1 Bo Horvat                Valentin Zykov           Andre Burakovsky         60     1   2  2  
 2 Elias Pettersson         Jason Zucker             William Nylander         40     1   2  2  

PowerPlay Defense
   Defense                  Defense                                           Time % Phy DF OF 
 1 Zach Werenski            John Klingberg                                    60     1   2  2  
 2 Jon Merrill              Luke Schenn                                       40     1   2  2  

Penalty Kill 4 Players Forward 
   Center                   Wing                     Time % Phy DF OF 
 1 Patrice Cormier          Andre Burakovsky         60     1   2  2  
 2 Bo Horvat                Jason Zucker             40     1   2  2  

Penalty Kill 4 Players Defense
   Defense                  Defense                  Time % Phy DF OF 
 1 Haydn Fleury             Jon Merrill              60     1   2  2  
 2 Brendan Guhle            Luke Schenn              40     1   2  2  

Penalty Kill - 3 Players Forward 
   Forward                                           Time % Phy DF OF 
 1 Elias Lindholm                                    60     1   2  2  
 2 Bo Horvat                                         40     1   2  2  

Penalty Kill - 3 Players Defense
   Defense                  Defense                  Time % Phy DF OF 
 1 Haydn Fleury             Jon Merrill              60     1   2  2  
 2 Brendan Guhle            Luke Schenn              40     1   2  2  

4 vs 4 Forward 
   Center                   Wing                     Time % Phy DF OF 
 1 Bo Horvat                Andre Burakovsky         60     1   2  2  
 2 Elias Pettersson         William Nylander         40     1   2  2  

4 vs 4 Defense
   Defense                  Defense                  Time % Phy DF OF 
 1 Zach Werenski            Jon Merrill              60     1   2  2  
 2 John Klingberg           Luke Schenn              40     1   2  2  

Last Minutes Offensive
   Center                   Left Wing                Right Wing               Defense                  Defense                  
   Bo Horvat                Evander Kane             Andre Burakovsky         Zach Werenski            John Klingberg           

Last Minutes Defensive
   Center                   Left Wing                Right Wing               Defense                  Defense                  
   Patrice Cormier          Jason Zucker             Andre Burakovsky         Jon Merrill              Haydn Fleury             

Goaltenders
Starting : Carter Hutton            
Backup : Kristers Gudlevskis      

Extra Forwards
Normal : William Nylander, Elias Pettersson, Bo Horvat - PP : William Nylander, Jason Zucker - PK : Bo Horvat
Extra Defensemen
Normal : Haydn Fleury, Zach Werenski, John Klingberg - PP : Haydn Fleury - PK : Brendan Guhle, John Klingberg
Penalty Shots
William Nylander, Elias Pettersson, Andre Burakovsky, Bo Horvat, Jason Zucker
Custom OT Lines Forwards
Evander Kane, Elias Pettersson, William Nylander, Andre Burakovsky, Bo Horvat, Jason Zucker, Elias Lindholm, Tyler Benson, Valentin Zykov, Patrice Cormier
Custom OT Lines Defensemen
Zach Werenski, Jon Merrill, John Klingberg, Luke Schenn, Haydn Fleury

Scratches
Brandon Saad (Healthy)

% Time on Ice - Avalanche

Lines # - Real PCT - Wanted PCT - Time Play
Normal Forward
1 - 26% - 31% - 11:34
2 - 26% - 31% - 11:25
3 - 31% - 27% - 13:21
4 - 17% - 11% - 7:25
Normal Defense
1 - 36% - 38% - 15:58
2 - 31% - 30% - 13:26
3 - 33% - 28% - 14:15
4 - 0% - 4% - 0:06
PP Forward
1 - 46% - 50% - 5:29
2 - 54% - 50% - 6:25
PP Defense
1 - 54% - 50% - 6:22
2 - 46% - 50% - 5:32
PK Forward
1 - 48% - 50% - 1:49
2 - 52% - 50% - 1:57
PK Defense
1 - 39% - 50% - 1:29
2 - 61% - 50% - 2:17
PK3 Forward
1 - 0% - 55%
2 - 0% - 45%
PK3 Defense
1 - 0% - 50%
2 - 0% - 50%
44 Forward
1 - 0% - 50%
2 - 0% - 50%
44 Defense
1 - 0% - 55%
2 - 0% - 45%
Last Minute Offensive  - 0:00
Last Minute Defensive  - 0:35
Total
Forward - 60:00
Defense - 60:00

% Time on Ice - Maple Leafs

Lines # - Real PCT - Wanted PCT - Time Play
Normal Forward
1 - 38% - 40% - 16:31
2 - 25% - 30% - 10:43
3 - 21% - 20% - 9:23
4 - 16% - 10% - 7:04
Normal Defense
1 - 42% - 40% - 18:13
2 - 28% - 30% - 12:09
3 - 27% - 20% - 11:41
4 - 4% - 10% - 1:38
PP Forward
1 - 68% - 60% - 2:33
2 - 32% - 40% - 1:13
PP Defense
1 - 73% - 60% - 2:46
2 - 27% - 40% - 1:00
PK Forward
1 - 68% - 60% - 8:04
2 - 32% - 40% - 3:50
PK Defense
1 - 60% - 60% - 7:06
2 - 40% - 40% - 4:48
PK3 Forward
1 - 0% - 60%
2 - 0% - 40%
PK3 Defense
1 - 0% - 60%
2 - 0% - 40%
44 Forward
1 - 0% - 60%
2 - 0% - 40%
44 Defense
1 - 0% - 60%
2 - 0% - 40%
Last Minute Offensive  - 0:39
Last Minute Defensive  - 0:00
Total
Forward - 60:00
Defense - 60:00

Play-by-Play

1st period


0:01 of 1st period - Jean-Gabriel Pageau wins face-off versus Elias Pettersson in neutral zone.
0:39 of 1st period - Minor Penalty to Jason Zucker for Tripping.
0:40 of 1st period - Jean-Gabriel Pageau wins face-off versus Patrice Cormier in Maple Leafs zone.
2:39 of 1st period - Penalty to Jason Zucker is over, Jason Zucker is back on ice.
2:44 of 1st period - Off-side.
2:45 of 1st period - Drake Caggiula wins face-off versus Elias Lindholm in neutral zone.
2:48 of 1st period - Wrist shot by Ryan Hartman.
2:48 of 1st period - Stopped by Carter Hutton without a rebound.
2:49 of 1st period - Drake Caggiula wins face-off versus Pontus Aberg in Maple Leafs zone.
3:32 of 1st period - Wrist shot by Ryan Hartman.
3:32 of 1st period - Shot Blocked by Elias Lindholm.
3:58 of 1st period - Wrist shot by Joseph Blandisi.
3:58 of 1st period - Stopped by Carter Hutton with a rebound.
4:00 of 1st period - Slapshot by Vladislav Gavrikov.
4:00 of 1st period - Stopped by Carter Hutton with a rebound.
4:02 of 1st period - Slapshot by Stefan Elliott.
4:02 of 1st period - Stopped by Carter Hutton without a rebound.
4:03 of 1st period - Elias Pettersson wins face-off versus Ryan O'Reilly in Maple Leafs zone.
4:10 of 1st period - Snap shot by Rickard Rakell.
4:10 of 1st period - Stopped by Carter Hutton without a rebound.
4:11 of 1st period - Elias Pettersson wins face-off versus Ryan O'Reilly in Maple Leafs zone.
4:40 of 1st period - Off-side.
4:41 of 1st period - Bryan Little wins face-off versus Bo Horvat in neutral zone.
6:32 of 1st period - Snap shot by Patrice Cormier.
6:32 of 1st period - Deflect By Nicholas Baptiste.
6:32 of 1st period - Shot Blocked by Patric Hornqvist.
6:32 of 1st period - Puck is out of play.
6:33 of 1st period - Jean-Gabriel Pageau wins face-off versus Patrice Cormier in Avalanche zone.
6:52 of 1st period - Snap shot by Valentin Zykov.
6:52 of 1st period - Deflect By Patrice Cormier.
6:52 of 1st period - Stopped by Robin Lehner with a rebound.
6:54 of 1st period - Slapshot by John Klingberg.
6:54 of 1st period - Stopped by Robin Lehner without a rebound.
6:55 of 1st period - Elias Pettersson wins face-off versus Rickard Rakell in Avalanche zone.
6:58 of 1st period - Wrist shot by Evander Kane.
6:58 of 1st period - Shot Blocked by Jack Johnson.
7:00 of 1st period - Snap shot by Brendan Guhle.
7:00 of 1st period - Deflect By Andre Burakovsky.
7:00 of 1st period - Shot Misses the Net.
7:00 of 1st period - Puck is out of play.
7:01 of 1st period - Elias Pettersson wins face-off versus Ryan O'Reilly in Avalanche zone.
7:04 of 1st period - Snap shot by Evander Kane.
7:04 of 1st period - Deflect By Elias Pettersson.
7:04 of 1st period - Stopped by Robin Lehner without a rebound.
7:05 of 1st period - Ryan O'Reilly wins face-off versus Elias Pettersson in Avalanche zone.
7:21 of 1st period - Snap shot by Andre Burakovsky.
7:21 of 1st period - Shot Blocked by Rickard Rakell.
7:23 of 1st period - Wrist shot by Andre Burakovsky.
7:23 of 1st period - Stopped by Robin Lehner with a rebound.
7:31 of 1st period - Slapshot by Andre Burakovsky.
7:31 of 1st period - Stopped by Robin Lehner without a rebound.
7:32 of 1st period - Bryan Little wins face-off versus Bo Horvat in Avalanche zone.
7:47 of 1st period - Backhand shot by Bo Horvat.
7:47 of 1st period - Stopped by Robin Lehner without a rebound.
7:48 of 1st period - Jean-Gabriel Pageau wins face-off versus Elias Pettersson in Avalanche zone.
7:58 of 1st period - Slapshot by Elias Pettersson.
7:58 of 1st period - Stopped by Robin Lehner with a rebound.
8:00 of 1st period - Snap shot by Andre Burakovsky.
8:00 of 1st period - Stopped by Robin Lehner with a rebound.
8:02 of 1st period - Wrist shot by Evander Kane.
8:02 of 1st period - Shot Misses the Net.
8:04 of 1st period - Snap shot by Elias Pettersson.
8:04 of 1st period - Shot Blocked by Jean-Gabriel Pageau.
8:26 of 1st period - Wrist shot by Bryan Little.
8:26 of 1st period - Stopped by Carter Hutton without a rebound.
8:27 of 1st period - Ryan O'Reilly wins face-off versus Elias Pettersson in Maple Leafs zone.
8:30 of 1st period - Wrist shot by Kyle Clifford.
8:30 of 1st period - Shot Misses the Net.
8:32 of 1st period - Slapshot by Jacob Slavin.
8:32 of 1st period - Stopped by Carter Hutton with a rebound.
8:34 of 1st period - Slapshot by Kyle Clifford.
8:34 of 1st period - Shot Misses the Net.
8:36 of 1st period - Backhand shot by Erik Karlsson.
8:36 of 1st period - Shot Misses the Net.
8:54 of 1st period - Erik Karlsson is hit by Bo Horvat and loses puck.
9:21 of 1st period - Wrist shot by Patrice Cormier.
9:21 of 1st period - Shot Misses the Net.
9:23 of 1st period - Slapshot by Luke Schenn.
9:23 of 1st period - Shot Blocked by Andrei Kuzmenko.
9:25 of 1st period - Snap shot by Patrice Cormier.
9:25 of 1st period - Stopped by Robin Lehner with a rebound.
9:27 of 1st period - Slapshot by Jon Merrill.
9:27 of 1st period - Stopped by Robin Lehner without a rebound.
9:28 of 1st period - Elias Pettersson wins face-off versus Ryan O'Reilly in Avalanche zone.
9:41 of 1st period - Slapshot by Evander Kane.
9:41 of 1st period - Deflect By Andre Burakovsky.
9:41 of 1st period - Stopped by Robin Lehner without a rebound.
9:42 of 1st period - William Nylander wins face-off versus Bryan Little in Avalanche zone.
10:09 of 1st period - John Klingberg is hit by Jacob Slavin and loses puck.
10:43 of 1st period - Icing by Pontus Aberg.
10:44 of 1st period - Elias Lindholm wins face-off versus Anthony Duclair in Maple Leafs zone.
11:05 of 1st period - Slapshot by Jason Zucker.
11:05 of 1st period - Shot Misses the Net.
11:26 of 1st period - Snap shot by Elias Lindholm.
11:26 of 1st period - Deflect By Anthony Duclair.
11:26 of 1st period - Stopped by Robin Lehner with a rebound.
11:36 of 1st period - Slapshot by Elias Lindholm.
11:36 of 1st period - Stopped by Robin Lehner without a rebound.
11:37 of 1st period - Bo Horvat wins face-off versus Ryan O'Reilly in Avalanche zone.
12:11 of 1st period - Icing by Patric Hornqvist.
12:12 of 1st period - Jean-Gabriel Pageau wins face-off versus Elias Pettersson in Avalanche zone.
12:25 of 1st period - Snap shot by Andrei Kuzmenko.
12:25 of 1st period - Shot Blocked by Andre Burakovsky.
12:27 of 1st period - Slapshot by Erik Karlsson.
12:27 of 1st period - Shot Misses the Net.
12:29 of 1st period - Snap shot by Patric Hornqvist.
12:29 of 1st period - Deflect By Jean-Gabriel Pageau.
12:29 of 1st period - Shot Misses the Net.
12:29 of 1st period - Puck is out of play.
12:30 of 1st period - Bo Horvat wins face-off versus Ryan O'Reilly in Maple Leafs zone.
12:30 of 1st period - Bo Horvat is hit by Rickard Rakell.
12:55 of 1st period - Zach Werenski is hit by Patric Hornqvist and loses puck.
13:17 of 1st period - Icing by Haydn Fleury.
13:18 of 1st period - Patrice Cormier wins face-off versus Bryan Little in Maple Leafs zone.
13:29 of 1st period - Snap shot by Anthony Duclair.
13:29 of 1st period - Deflect By Haydn Fleury.
13:29 of 1st period - Shot Misses the Net.
13:29 of 1st period - Puck is out of play.
13:30 of 1st period - Ryan O'Reilly wins face-off versus William Nylander in Maple Leafs zone.
13:31 of 1st period - Slapshot by Rickard Rakell.
13:31 of 1st period - Stopped by Carter Hutton with a rebound.
13:33 of 1st period - Backhand shot by Jacob Slavin.
13:33 of 1st period - Shot Misses the Net.
13:35 of 1st period - Wrist shot by Ryan O'Reilly.
13:35 of 1st period - Stopped by Carter Hutton with a rebound.
13:43 of 1st period - Wrist shot by Rickard Rakell.
13:43 of 1st period - Stopped by Carter Hutton with a rebound.
13:45 of 1st period - Slapshot by Jacob Slavin.
13:45 of 1st period - Shot Misses the Net.
13:47 of 1st period - Slapshot by Ryan O'Reilly.
13:47 of 1st period - Stopped by Carter Hutton without a rebound.
13:48 of 1st period - Elias Pettersson wins face-off versus Jean-Gabriel Pageau in Maple Leafs zone.
13:48 of 1st period - Elias Pettersson is hit by Jean-Gabriel Pageau.
13:51 of 1st period - Minor Penalty to Zach Werenski for Tripping.
13:52 of 1st period - Bryan Little wins face-off versus Patrice Cormier in Maple Leafs zone.
13:55 of 1st period - Slapshot by Bryan Little.
13:55 of 1st period - Shot Misses the Net.
13:57 of 1st period - Snap shot by Nick Cousins.
13:57 of 1st period - Shot Blocked by Andre Burakovsky.
15:51 of 1st period - Penalty to Zach Werenski is over, Zach Werenski is back on ice.
16:01 of 1st period - Minor Penalty to Drake Caggiula for Roughing.
16:02 of 1st period - Andre Burakovsky wins face-off versus Ryan O'Reilly in Avalanche zone.
16:08 of 1st period - Wrist shot by Andre Burakovsky.
16:08 of 1st period - Stopped by Robin Lehner without a rebound.
16:09 of 1st period - Ryan O'Reilly wins face-off versus Andre Burakovsky in Avalanche zone.
16:28 of 1st period - Snap shot by Ryan O'Reilly.
16:28 of 1st period - Stopped by Carter Hutton with a rebound.
16:50 of 1st period - Wrist shot by Ryan O'Reilly.
16:50 of 1st period - Deflect By Patric Hornqvist.
16:50 of 1st period - Stopped by Carter Hutton with a rebound.
17:04 of 1st period - Jacob Slavin is hit by Zach Werenski and loses puck.
17:13 of 1st period - Slapshot by Zach Werenski.
17:13 of 1st period - Shot Misses the Net.
17:15 of 1st period - Slapshot by John Klingberg.
17:15 of 1st period - Deflect By Valentin Zykov.
17:15 of 1st period - Stopped by Robin Lehner with a rebound.
17:28 of 1st period - Snap shot by Valentin Zykov.
17:28 of 1st period - Shot Misses the Net.
17:30 of 1st period - Wrist shot by Bo Horvat.
17:30 of 1st period - Stopped by Robin Lehner without a rebound.
17:31 of 1st period - Ryan O'Reilly wins face-off versus Elias Pettersson in Avalanche zone.
17:48 of 1st period - Wrist shot by Jon Merrill.
17:48 of 1st period - Goal by Jon Merrill - Avalanche : 0 - Maple Leafs : 1.
17:49 of 1st period - Elias Lindholm wins face-off versus Ryan O'Reilly in neutral zone.
18:10 of 1st period - Luke Schenn is hit by Kyle Clifford and loses puck.
19:18 of 1st period - Slapshot by Pontus Aberg.
19:18 of 1st period - Shot Misses the Net.
19:30 of 1st period - Wrist shot by Pontus Aberg.
19:30 of 1st period - Shot Blocked by Ryan O'Reilly.
19:32 of 1st period - Slapshot by Luke Schenn.
19:32 of 1st period - Deflect By Elias Lindholm.
19:32 of 1st period - Shot Misses the Net.
19:32 of 1st period - Puck is out of play.
19:33 of 1st period - Andrei Kuzmenko wins face-off versus Elias Pettersson in Avalanche zone.
Goals for this period are 0 for Avalanche vs 1 for Maple Leafs.
Shots for this period are 13 for Avalanche vs 17 for Maple Leafs.

2nd period


0:01 of 2nd period - Jean-Gabriel Pageau wins face-off versus Elias Pettersson in neutral zone.
0:55 of 2nd period - Wrist shot by Nicholas Baptiste.
0:55 of 2nd period - Stopped by Robin Lehner without a rebound.
0:56 of 2nd period - Patrice Cormier wins face-off versus Jean-Gabriel Pageau in Avalanche zone.
1:04 of 2nd period - Slapshot by Brendan Guhle.
1:04 of 2nd period - Stopped by Robin Lehner with a rebound.
1:06 of 2nd period - Snap shot by Haydn Fleury.
1:06 of 2nd period - Stopped by Robin Lehner with a rebound.
1:30 of 2nd period - Wrist shot by Valentin Zykov.
1:30 of 2nd period - Stopped by Robin Lehner with a rebound.
1:32 of 2nd period - Slapshot by Luke Schenn.
1:32 of 2nd period - Shot Blocked by Vladislav Gavrikov.
1:34 of 2nd period - Slapshot by Jon Merrill.
1:34 of 2nd period - Shot Blocked by Vladislav Gavrikov.
1:36 of 2nd period - Slapshot by Jon Merrill.
1:36 of 2nd period - Stopped by Robin Lehner without a rebound.
1:37 of 2nd period - Elias Pettersson wins face-off versus Jean-Gabriel Pageau in Avalanche zone.
1:44 of 2nd period - Wrist shot by David Rundblad.
1:44 of 2nd period - Stopped by Carter Hutton without a rebound.
1:45 of 2nd period - Elias Pettersson wins face-off versus Jean-Gabriel Pageau in Maple Leafs zone.
2:12 of 2nd period - Snap shot by Andrei Kuzmenko.
2:12 of 2nd period - Stopped by Carter Hutton with a rebound.
2:14 of 2nd period - Slapshot by David Rundblad.
2:14 of 2nd period - Deflect By Elias Pettersson.
2:14 of 2nd period - Stopped by Carter Hutton with a rebound.
2:16 of 2nd period - Snap shot by Patric Hornqvist.
2:16 of 2nd period - Stopped by Carter Hutton with a rebound.
2:18 of 2nd period - Backhand shot by Jean-Gabriel Pageau.
2:18 of 2nd period - Shot Misses the Net.
2:20 of 2nd period - Slapshot by Patric Hornqvist.
2:20 of 2nd period - Shot Hit the Post.
3:02 of 2nd period - Wrist shot by John Klingberg.
3:02 of 2nd period - Shot Blocked by David Rundblad.
3:08 of 2nd period - Snap shot by Jean-Gabriel Pageau.
3:08 of 2nd period - Stopped by Carter Hutton without a rebound.
3:09 of 2nd period - Bo Horvat wins face-off versus Nick Cousins in Maple Leafs zone.
3:16 of 2nd period - Erik Karlsson is hit by Haydn Fleury and loses puck.
3:46 of 2nd period - Snap shot by Ryan O'Reilly.
3:46 of 2nd period - Stopped by Carter Hutton without a rebound.
3:47 of 2nd period - Bo Horvat wins face-off versus Drake Caggiula in Maple Leafs zone.
4:35 of 2nd period - Stefan Elliott is hit by Valentin Zykov and loses puck.
5:03 of 2nd period - Tyler Benson is hit by Erik Karlsson.
5:39 of 2nd period - Slapshot by Luke Schenn.
5:39 of 2nd period - Stopped by Robin Lehner without a rebound.
5:40 of 2nd period - Ryan O'Reilly wins face-off versus Bo Horvat in Avalanche zone.
5:40 of 2nd period - Ryan O'Reilly is hit by Zach Werenski.
5:46 of 2nd period - Slapshot by Jack Johnson.
5:46 of 2nd period - Stopped by Carter Hutton without a rebound.
5:47 of 2nd period - Ryan O'Reilly wins face-off versus Bo Horvat in Maple Leafs zone.
5:50 of 2nd period - Snap shot by Ryan O'Reilly.
5:50 of 2nd period - Goal by Ryan O'Reilly - Avalanche : 1 - Maple Leafs : 1.
5:51 of 2nd period - Bryan Little wins face-off versus Elias Pettersson in neutral zone.
5:57 of 2nd period - Minor Penalty to Evander Kane for Slashing.
5:58 of 2nd period - Patrice Cormier wins face-off versus Bryan Little in Maple Leafs zone.
7:57 of 2nd period - Penalty to Evander Kane is over, Evander Kane is back on ice.
8:12 of 2nd period - Backhand shot by Joseph Blandisi.
8:12 of 2nd period - Deflect By Drake Caggiula.
8:12 of 2nd period - Shot Blocked by Zach Werenski.
8:12 of 2nd period - Puck is out of play.
8:13 of 2nd period - Drake Caggiula wins face-off versus William Nylander in Maple Leafs zone.
8:16 of 2nd period - Slapshot by Joseph Blandisi.
8:16 of 2nd period - Shot Misses the Net.
9:08 of 2nd period - Slapshot by Evander Kane.
9:08 of 2nd period - Stopped by Robin Lehner with a rebound.
9:10 of 2nd period - Snap shot by John Klingberg.
9:10 of 2nd period - Stopped by Robin Lehner without a rebound.
9:11 of 2nd period - Ryan O'Reilly wins face-off versus Elias Lindholm in Avalanche zone.
9:11 of 2nd period - Ryan O'Reilly is hit by Elias Lindholm.
9:42 of 2nd period - Wrist shot by Valentin Zykov.
9:42 of 2nd period - Stopped by Robin Lehner with a rebound.
9:47 of 2nd period - Minor Penalty to Erik Karlsson for Interference.
9:48 of 2nd period - Jean-Gabriel Pageau wins face-off versus Bo Horvat in Avalanche zone.
10:19 of 2nd period - Slapshot by John Klingberg.
10:19 of 2nd period - Shot Misses the Net.
10:21 of 2nd period - Slapshot by John Klingberg.
10:21 of 2nd period - Stopped by Robin Lehner with a rebound.
10:23 of 2nd period - Slapshot by Zach Werenski.
10:23 of 2nd period - Shot Misses the Net.
11:17 of 2nd period - Ryan O'Reilly is hit by Andre Burakovsky and loses puck.
11:47 of 2nd period - Penalty to Erik Karlsson is over, Erik Karlsson is back on ice.
12:07 of 2nd period - Nick Cousins is hit by Evander Kane and loses puck.
12:22 of 2nd period - Erik Karlsson is hit by Haydn Fleury and loses puck.
13:02 of 2nd period - Haydn Fleury is hit by Ryan Hartman and loses puck.
13:27 of 2nd period - Slapshot by Nicholas Baptiste.
13:27 of 2nd period - Stopped by Robin Lehner without a rebound.
13:28 of 2nd period - Bo Horvat wins face-off versus Kyle Clifford in Avalanche zone.
14:33 of 2nd period - Icing by William Nylander.
14:34 of 2nd period - Bryan Little wins face-off versus Jason Zucker in Maple Leafs zone.
14:41 of 2nd period - Wrist shot by Nick Cousins.
14:41 of 2nd period - Shot Blocked by Jason Zucker.
14:49 of 2nd period - Slapshot by Bryan Little.
14:49 of 2nd period - Shot Misses the Net.
15:09 of 2nd period - Backhand shot by Bo Horvat.
15:09 of 2nd period - Shot Misses the Net.
15:16 of 2nd period - Icing by Patric Hornqvist.
15:17 of 2nd period - Ryan O'Reilly wins face-off versus Jason Zucker in Avalanche zone.
16:10 of 2nd period - Wrist shot by Bryan Little.
16:10 of 2nd period - Shot Misses the Net.
16:12 of 2nd period - Slapshot by Vladislav Gavrikov.
16:12 of 2nd period - Deflect By Nick Cousins.
16:12 of 2nd period - Stopped by Carter Hutton with a rebound.
16:14 of 2nd period - Slapshot by Stefan Elliott.
16:14 of 2nd period - Shot Misses the Net.
16:20 of 2nd period - Snap shot by Nick Cousins.
16:20 of 2nd period - Stopped by Carter Hutton with a rebound.
16:50 of 2nd period - Haydn Fleury is hit by Ryan O'Reilly and loses puck.
17:11 of 2nd period - Jacob Slavin is hit by Evander Kane and loses puck.
18:05 of 2nd period - Icing by Zach Werenski.
18:06 of 2nd period - Elias Lindholm wins face-off versus Jean-Gabriel Pageau in Maple Leafs zone.
18:33 of 2nd period - John Klingberg is hit by Kyle Clifford and loses puck.
18:44 of 2nd period - Slapshot by Kyle Clifford.
18:44 of 2nd period - Shot Blocked by Evander Kane.
19:04 of 2nd period - Backhand shot by Zach Werenski.
19:04 of 2nd period - Stopped by Robin Lehner with a rebound.
Goals for this period are 1 for Avalanche vs 0 for Maple Leafs.
Shots for this period are 10 for Avalanche vs 12 for Maple Leafs.

3rd period


0:01 of 3rd period - Jean-Gabriel Pageau wins face-off versus Elias Pettersson in neutral zone.
0:04 of 3rd period - Evander Kane is hit by Andrei Kuzmenko and loses puck.
0:27 of 3rd period - Slapshot by Bryan Little.
0:27 of 3rd period - Shot Misses the Net.
0:29 of 3rd period - Slapshot by Jacob Slavin.
0:29 of 3rd period - Shot Misses the Net.
0:37 of 3rd period - Slapshot by Jacob Slavin.
0:37 of 3rd period - Shot Blocked by Evander Kane.
0:39 of 3rd period - Slapshot by Erik Karlsson.
0:39 of 3rd period - Stopped by Carter Hutton with a rebound.
0:41 of 3rd period - Snap shot by Nick Cousins.
0:41 of 3rd period - Stopped by Carter Hutton without a rebound.
0:42 of 3rd period - Bo Horvat wins face-off versus Ryan O'Reilly in Maple Leafs zone.
0:42 of 3rd period - Bo Horvat is hit by Ryan O'Reilly.
1:08 of 3rd period - Andrei Kuzmenko is hit by Jason Zucker and loses puck.
1:35 of 3rd period - Patrice Cormier is hit by Bryan Little and loses puck.
1:46 of 3rd period - Minor Penalty to Valentin Zykov for Tripping.
1:47 of 3rd period - Jean-Gabriel Pageau wins face-off versus Patrice Cormier in Maple Leafs zone.
1:58 of 3rd period - Stefan Elliott is hit by Jon Merrill.
2:48 of 3rd period - Wrist shot by Andrei Kuzmenko.
2:48 of 3rd period - Shot Misses the Net.
3:00 of 3rd period - Slapshot by Erik Karlsson.
3:00 of 3rd period - Stopped by Carter Hutton with a rebound.
3:10 of 3rd period - Snap shot by Andrei Kuzmenko.
3:10 of 3rd period - Shot Misses the Net.
3:16 of 3rd period - Bryan Little is hit by Evander Kane and loses puck.
3:46 of 3rd period - Penalty to Valentin Zykov is over, Valentin Zykov is back on ice.
4:10 of 3rd period - Snap shot by Evander Kane.
4:10 of 3rd period - Stopped by Robin Lehner without a rebound.
4:11 of 3rd period - Bo Horvat wins face-off versus Ryan O'Reilly in Avalanche zone.
4:27 of 3rd period - Snap shot by Bo Horvat.
4:27 of 3rd period - Shot Misses the Net.
4:43 of 3rd period - Snap shot by Joseph Blandisi.
4:43 of 3rd period - Stopped by Carter Hutton with a rebound.
4:45 of 3rd period - Wrist shot by Drake Caggiula.
4:45 of 3rd period - Goal by Drake Caggiula - Avalanche : 2 - Maple Leafs : 1.
4:46 of 3rd period - Jean-Gabriel Pageau wins face-off versus Evander Kane in neutral zone.
4:51 of 3rd period - Wrist shot by Andrei Kuzmenko.
4:51 of 3rd period - Stopped by Carter Hutton with a rebound.
4:53 of 3rd period - Snap shot by Andrei Kuzmenko.
4:53 of 3rd period - Stopped by Carter Hutton without a rebound.
4:54 of 3rd period - Jean-Gabriel Pageau wins face-off versus Elias Pettersson in Maple Leafs zone.
5:09 of 3rd period - Slapshot by Patric Hornqvist.
5:09 of 3rd period - Stopped by Carter Hutton with a rebound.
5:11 of 3rd period - Wrist shot by Jean-Gabriel Pageau.
5:11 of 3rd period - Shot Blocked by John Klingberg.
5:13 of 3rd period - Wrist shot by Erik Karlsson.
5:13 of 3rd period - Deflect By Andrei Kuzmenko.
5:13 of 3rd period - Shot Misses the Net.
5:13 of 3rd period - Puck is out of play.
5:14 of 3rd period - Bo Horvat wins face-off versus Ryan O'Reilly in Maple Leafs zone.
5:48 of 3rd period - Off-side.
5:49 of 3rd period - Bo Horvat wins face-off versus Patric Hornqvist in neutral zone.
5:51 of 3rd period - Minor Penalty to William Nylander for Cross-checking.
5:52 of 3rd period - Patrice Cormier wins face-off versus Jean-Gabriel Pageau in Maple Leafs zone.
5:55 of 3rd period - Off-side.
5:56 of 3rd period - Patrice Cormier wins face-off versus Jean-Gabriel Pageau in neutral zone.
7:20 of 3rd period - Snap shot by Andrei Kuzmenko.
7:20 of 3rd period - Stopped by Carter Hutton without a rebound.
7:21 of 3rd period - Patrice Cormier wins face-off versus Jean-Gabriel Pageau in Maple Leafs zone.
7:51 of 3rd period - Penalty to William Nylander is over, William Nylander is back on ice.
8:04 of 3rd period - Evander Kane is hit by Jean-Gabriel Pageau.
8:27 of 3rd period - Wrist shot by Jacob Slavin.
8:27 of 3rd period - Deflect By Pontus Aberg.
8:27 of 3rd period - Stopped by Carter Hutton with a rebound.
8:47 of 3rd period - Minor Penalty to Valentin Zykov for Roughing.
8:48 of 3rd period - Bryan Little wins face-off versus Andre Burakovsky in Maple Leafs zone.
8:53 of 3rd period - Slapshot by Bryan Little.
8:53 of 3rd period - Shot Misses the Net.
10:12 of 3rd period - Erik Karlsson is hit by Elias Pettersson and loses puck.
10:47 of 3rd period - Penalty to Valentin Zykov is over, Valentin Zykov is back on ice.
11:28 of 3rd period - Wrist shot by Bo Horvat.
11:28 of 3rd period - Shot Misses the Net.
11:43 of 3rd period - Jack Johnson is hit by Jon Merrill and loses puck.
12:34 of 3rd period - Icing by Kyle Clifford.
12:35 of 3rd period - Bo Horvat wins face-off versus Ryan O'Reilly in Avalanche zone.
12:48 of 3rd period - Slapshot by Zach Werenski.
12:48 of 3rd period - Shot Blocked by Stefan Elliott.
12:50 of 3rd period - Slapshot by Bo Horvat.
12:50 of 3rd period - Shot Misses the Net.
13:06 of 3rd period - Snap shot by Evander Kane.
13:06 of 3rd period - Stopped by Robin Lehner without a rebound.
13:07 of 3rd period - Bryan Little wins face-off versus Elias Pettersson in Avalanche zone.
13:39 of 3rd period - Slapshot by Erik Karlsson.
13:39 of 3rd period - Stopped by Carter Hutton with a rebound.
14:43 of 3rd period - Wrist shot by Elias Pettersson.
14:43 of 3rd period - Deflect By Andre Burakovsky.
14:43 of 3rd period - Shot Misses the Net.
14:43 of 3rd period - Puck is out of play.
14:44 of 3rd period - Bryan Little wins face-off versus Elias Pettersson in Avalanche zone.
14:44 of 3rd period - Bryan Little is hit by Luke Schenn.
15:44 of 3rd period - Bryan Little is hit by Luke Schenn and loses puck.
16:55 of 3rd period - Snap shot by Nick Cousins.
16:55 of 3rd period - Shot Blocked by Evander Kane.
17:25 of 3rd period - Wrist shot by Bryan Little.
17:25 of 3rd period - Stopped by Carter Hutton with a rebound.
17:35 of 3rd period - Snap shot by Bryan Little.
17:35 of 3rd period - Shot Misses the Net.
17:39 of 3rd period - Snap shot by Anthony Duclair.
17:39 of 3rd period - Shot Misses the Net.
17:53 of 3rd period - Wrist shot by Nick Cousins.
17:53 of 3rd period - Shot Misses the Net.
17:55 of 3rd period - Slapshot by Stefan Elliott.
17:55 of 3rd period - Deflect By Bryan Little.
17:55 of 3rd period - Stopped by Carter Hutton with a rebound.
17:57 of 3rd period - Backhand shot by Bryan Little.
17:57 of 3rd period - Shot Blocked by Brendan Guhle.
17:59 of 3rd period - Snap shot by Nick Cousins.
17:59 of 3rd period - Stopped by Carter Hutton with a rebound.
18:01 of 3rd period - Wrist shot by Bryan Little.
18:01 of 3rd period - Stopped by Carter Hutton without a rebound.
18:02 of 3rd period - Jean-Gabriel Pageau wins face-off versus Elias Lindholm in Maple Leafs zone.
18:18 of 3rd period - Slapshot by Andrei Kuzmenko.
18:18 of 3rd period - Stopped by Carter Hutton with a rebound.
18:38 of 3rd period - Wrist shot by Bo Horvat.
18:38 of 3rd period - Deflect By William Nylander.
18:38 of 3rd period - Stopped by Robin Lehner without a rebound.
18:39 of 3rd period - Bo Horvat wins face-off versus Ryan O'Reilly in Avalanche zone.
18:40 of 3rd period - Slapshot by William Nylander.
18:40 of 3rd period - Stopped by Robin Lehner without a rebound.
18:41 of 3rd period - Bo Horvat wins face-off versus Ryan O'Reilly in Avalanche zone.
19:10 of 3rd period - Maple Leafs, Carter Hutton is pulled from the net.
19:16 of 3rd period - Wrist shot by Jason Zucker.
19:16 of 3rd period - Stopped by Robin Lehner with a rebound.
19:18 of 3rd period - Slapshot by Luke Schenn.
19:18 of 3rd period - Stopped by Robin Lehner with a rebound.
19:20 of 3rd period - Slapshot by Jon Merrill.
19:20 of 3rd period - Deflect By Jack Johnson.
19:20 of 3rd period - Stopped by Robin Lehner without a rebound.
19:21 of 3rd period - Peter DeBoer call a timeout for Maple Leafs.
19:21 of 3rd period - Bo Horvat wins face-off versus Jean-Gabriel Pageau in Avalanche zone.
19:34 of 3rd period - Snap shot by Rickard Rakell.
19:34 of 3rd period - Shot Blocked by Nicholas Baptiste.
19:36 of 3rd period - Snap shot by Kyle Clifford.
19:36 of 3rd period - Goal by Kyle Clifford - Avalanche : 3 - Maple Leafs : 1.
19:36 of 3rd period - Carter Hutton from Maple Leafs was sent back in the game.
19:37 of 3rd period - William Nylander wins face-off versus Ryan O'Reilly in neutral zone.
19:51 of 3rd period - Off-side.
19:52 of 3rd period - Ryan O'Reilly wins face-off versus Elias Pettersson in neutral zone.
Goals for this period are 2 for Avalanche vs 0 for Maple Leafs.
Shots for this period are 17 for Avalanche vs 7 for Maple Leafs.